AoeStats
← christar123 ten

Pilgrims

509857817Analyzed
2v2 RM · 4d ago on Sep 28, 2026· 22m 7s· 4 players
Game mode
Random Map
Map size
Medium (4 player)
Population
200
Speed
Normal
Resources
Standard
Victory
Conquest
Starting age
Dark Age
Ending age
Imperial Age
RankedLock teamsTeams togetherTeam positionsShared explorationLock speedFull tech treeHidden civsTurbo modeCheats
Victory
Defeat
🇬🇧 Armenians · United Kingdom
1619
+11
🇲🇼 Varangians · Malawi
1482
+18
🇭🇰 Aztecs · Hong Kong SAR China
1568
-17
🇬🇧 Maya · United Kingdom
1450
-12
Tommerd
3:07 Loom
12:08 Feudal Age
17:09 Castle Age
18:01 Fletching
20:11 Double-Bit Axe
20:24 Fishing Lines
21:18 Bodkin Arrow
21:15 Town Watch
Reilled
8:51 Loom
10:55 Feudal Age
12:34 Fletching
21:50 Castle Age
19:43 Horse Collar
19:48 Double-Bit Axe
22:35 Bodkin Arrow
持盾的大貓 and you let her go
9:22 Loom
11:41 Feudal Age
12:08 Double-Bit Axe
12:52 Town Watch
20:30 Castle Age
christar123 ten
9:35 Feudal Age
10:53 Double-Bit Axe
11:51 Fletching
12:02 Loom
16:36 Castle Age
17:22 Town Watch
17:43 Bodkin Arrow
18:31 Gold Mining
20:18 Ballistics
Connection lost

Rejoining the realm…

Still unreachable

The connection could not be restored.

Session expired

The server has moved on; the page needs a fresh start.